 Dungeon Crawl Stone Soup version 0.22-a0-135-g6f012ad (webtiles) character file.

19819 theanonym the Cleaver (level 12, -4/100 HPs)
             Began as a Mummy Abyssal Knight on Feb 1, 2018.
             Was a Priest of Lugonu.
             Slain by a wyvern (8 damage)
             ... on level 3 of the Lair of Beasts.
             The game lasted 00:32:09 (13723 turns).

theanonym the Cleaver (Mummy Abyssal Knight)       Turns: 13723, Time: 00:32:09

Health: -4/100     AC: 16    Str: 19    XL:     12   Next: 39%
Magic:  16/18      EV:  7    Int: 12    God:    Lugonu [***...]
Gold:   733        SH:  7    Dex:  7    Spells: 11/11 levels left

rFire    x . .     SeeInvis .   g - +2 war axe of Fortitude {chop, +Inv rC+ Dex-5} (curse)
rCold    + + .     Gourm    .   d - +0 shield
rNeg     + + +     Faith    .   v - +1 plate armour {MR+} {18}
rPois    ∞         Spirit   .   k - +2 hat
rElec    .         Reflect  .   b - +1 cloak
rCorr    +         Harm     .   (no gloves)
MR       ++...                  o - +0 pair of boots
Stlth    ..........             e - amulet of regeneration {Regen+}
HPRegen  0.66/turn              i - ring of resist corrosion {rCorr}
MPRegen  0.16/turn              h - +5 ring of evasion

@: about to teleport
A: no food or potions, fire vulnerability, cold resistance 1, negative energy
resistance 3, torment resistance, unbreathing
a: Depart the Abyss, Bend Space, Banish, Renounce Religion, Evoke Invisibility


Innate Abilities, Weirdness & Mutations

You do not eat or drink.
Your flesh is vulnerable to fire.
You are immune to poison.
Your flesh is cold resistant. (rC+)
You are immune to negative energy. (rN+++)
You are immune to unholy pain and torment.
You can survive without breathing.


   Skills:
 + Level 11.3 Fighting
 * Level 12.8 Axes
 - Level 1.5 Armour
 - Level 0.7 Dodging
 - Level 8.0 Invocations


You had 11 spell levels left.
You didn't know any spells.

Skill      XL: |  1  2  3  4  5  6  7  8  9 10 11 12 |
---------------+-------------------------------------+-----
Axes           | 2 3 4 5 7 8 10 12 | 12.8
Fighting       | 4 5 6 7 9 10 11 | 11.3
Invocations    | 2 3 5 6 8 |  8.0
Armour         | |  1.5
Dodging        | |  0.7

Action                   |  1- 3 |  4- 6 |  7- 9 | 10-12 || total
-------------------------+-------+-------+-------+-------++-------
Melee: Hand axe          |   104 |   113 |       |       ||   217
       War axe           |       |    44 |   501 |   953 ||  1498
Throw: Throwing net      |       |       |     4 |       ||     4
Invok: Depart the Abyss  |     1 |       |       |       ||     1
       Bend Space        |       |       |     2 |     5 ||     7
       Banish            |       |       |     6 |    20 ||    26
       Corrupt           |       |       |       |     1 ||     1
Evoke: Wand              |       |     4 |     1 |       ||     5
  Use: Scroll            |       |     4 |     2 |    11 ||    17
Armor: Leather armour    |     4 |       |       |       ||     4
       Ring mail         |    42 |    53 |       |       ||    95
       Chain mail        |       |       |    49 |       ||    49
       Plate armour      |       |       |   254 |   679 ||   933
Dodge: Dodged            |    63 |    67 |   152 |   354 ||   636
Block: Shield            |       |    19 |   163 |   348 ||   530

Inventory:

Hand Weapons
 g - the cursed +2 war axe of Fortitude (weapon) {chop, +Inv rC+ Dex-5}
   (You found it on level 4 of the Dungeon)

   It inflicts extra damage upon your enemies.
   It affects your dexterity (-5).
   It protects you from cold.
   It lets you turn invisible.
   It has a curse placed upon it.
Armour
 b - a +1 cloak (worn)
   (You took it off Crazy Yiuf on level 7 of the Dungeon)
 d - a +0 shield (worn)
   (You found it on level 4 of the Dungeon)
 k - a +2 hat (worn)
   (You found it on level 3 of the Dungeon)
 o - a +0 pair of boots (worn)
   (You found it on level 3 of the Dungeon)
 v - a +1 plate armour of magic resistance (worn) {18}
   (You took it off an orc warrior on level 8 of the Dungeon)
Jewellery
 e - an amulet of regeneration (around neck) {Regen+}
   (You found it on level 1 of the Dungeon)
 h - a +5 ring of evasion (right hand)
   (You found it on level 6 of the Dungeon)
 i - a ring of resist corrosion (left hand) {rCorr}
   (You found it on level 2 of the Dungeon)
 p - an uncursed ring of flight {+Fly}
   (You found it on level 7 of the Dungeon)
Scrolls
 c - a scroll of immolation
 f - a scroll of enchant armour
 j - 3 scrolls of amnesia
 l - 2 scrolls of enchant weapon
 n - 3 scrolls of remove curse
 r - 4 scrolls of identify
 t - 2 scrolls of teleportation {!r}
 B - 4 scrolls of blinking
Books
 a - a book of Debilitation
   (You found it on level 9 of the Dungeon)


You were on level 3 of the Lair of Beasts.
You worshipped Lugonu.
Lugonu was most pleased with you.
You were not hungry.

You visited 2 branches of the dungeon, and saw 14 of its levels.
You visited the Abyss 1 time.

You collected 733 gold pieces.

Dungeon Overview and Level Annotations

Branches:
Dungeon (11/15)            Temple (0/1) D:6            Lair (3/6) D:8
 Shoals (0/4) Lair:2        Snake (0/4) Lair:3
    Orc: D:9-12

Altars:
Cheibriados
Dithmenos
Elyvilon
Hepliaklqana
Kikubaaqudgha
Makhleb
Qazlal
Ru
Sif Muna
Uskayaw
Vehumet
Xom
Yredelemnul
Beogh

Annotations:
D:3 exclusion: orc wizard
D:10 Erolcha
Lair:3 corrupted
Abyss:1 Harold, Joseph

.#...###.....#!#.#.#
#.#...##.....$#..#.#
.#.....###...#..#..#
#.......##.F..#.#.##
........###.#...#..#
.........##....#...##
..##......###y.#.#..#
##..#......###k#...##
..##!#.......§yl@y##
####.#.....#.###yy§#
###.#........#####.#
##.#...........#####
..#.#............###
##...†..#...#.#....#
.....##.##.##.##.#.#
..†.################
...##


You could see a queen bee, a rime drake, a wyvern and 4 killer bees.

Notes
Turn   | Place    | Note
-------+----------+-------------------------------------------
     0 | Abyss:1  | theanonym the Mummy Abyssal Knight began the quest for the Orb.
     0 | Abyss:1  | Reached XP level 1. HP: 18/18 MP: 2/2
    32 | Abyss:1  | Noticed a raiju
    32 | Abyss:1  | Noticed a raiju
    35 | D:1      | Escaped the Abyss
    47 | D:1      | HP: 9/18 [frilled lizard (1)]
    92 | D:1      | Reached * piety under Lugonu
    92 | D:1      | Reached skill level 2 in Axes
   203 | D:1      | Reached XP level 2. HP: 23/24 MP: 3/3
   652 | D:1      | Reached XP level 3. HP: 28/29 MP: 4/4
   924 | D:2      | Found a radiant altar of Vehumet.
   977 | D:2      | Noticed Robin
   997 | D:2      | Reached ** piety under Lugonu
  1014 | D:2      | Killed Robin
  1014 | D:2      | Reached skill level 3 in Axes
  1054 | D:2      | Reached XP level 4. HP: 32/37 MP: 5/5
  1128 | D:2      | Found a white marble altar of Elyvilon.
  1151 | D:2      | Found a hazy altar of Hepliaklqana.
  1522 | D:3      | HP: 18/37 [gnoll/club (4)]
  1609 | D:3      | Found a snail-covered altar of Cheibriados.
  1748 | D:3      | Found a shimmering altar of Xom.
  1822 | D:3      | Noticed anet's ghost (amateur HuMo)
  1822 | D:3      | HP: 17/37 [gnoll/spear (4)]
  1903 | D:3      | Killed anet's ghost
  1903 | D:3      | Reached skill level 4 in Fighting
  1903 | D:3      | Reached skill level 4 in Axes
  1903 | D:3      | Reached skill level 2 in Invocations
  1903 | D:3      | Reached XP level 5. HP: 43/43 MP: 6/6
  1903 | D:3      | Reached XP level 6. HP: 49/49 MP: 7/7
  2272 | D:4      | Found a basalt altar of Yredelemnul.
  2291 | D:4      | Found a hide-covered altar of Uskayaw.
  2358 | D:4      | Got a crystal war axe
  2360 | D:4      | Identified the cursed +2 war axe of Fortitude {chop, +Inv rC+ Dex-5} (You found it on level 4 of the Dungeon)
  2517 | D:4      | Found a sacrificial altar of Ru.
  2546 | D:4      | Noticed a slave
  2547 | D:4      | Noticed a slave
  2634 | D:3      | Killed a slave
  2650 | D:4      | Killed a slave
  2691 | D:4      | HP: 25/50 [gnoll/flail (6)]
  2692 | D:4      | Reached XP level 7. HP: 28/55 MP: 9/9
  2702 | D:4      | HP: 16/55 [gnoll/flail (4)]
  2703 | D:4      | Reached skill level 3 in Invocations
  3033 | D:4      | Found a deep blue altar of Sif Muna.
  3037 | D:4      | Reached skill level 5 in Fighting
  3064 | D:4      | Noticed Pikel
  3101 | D:4      | Killed Pikel
  3101 | D:4      | Reached skill level 5 in Axes
  3101 | D:4      | Reached XP level 8. HP: 46/64 MP: 10/10
  3409 | D:5      | Entered Level 5 of the Dungeon
  3447 | D:5      | Reached skill level 6 in Axes
  3463 | D:5      | Reached skill level 4 in Invocations
  3884 | D:5      | Found a burning altar of Makhleb.
  3992 | D:5      | Reached *** piety under Lugonu
  4308 | D:6      | Reached skill level 6 in Fighting
  4318 | D:6      | Found a staircase to the Ecumenical Temple.
  5157 | D:7      | HP: 31/65 [killer bee (5)]
  5159 | D:7      | HP: 15/65 [killer bee (3)]
  5165 | D:6      | HP: 14/65 [killer bee (2)]
  5289 | D:6      | Reached skill level 7 in Axes
  5372 | D:7      | Noticed a seven-headed hydra
  5526 | D:7      | Reached skill level 5 in Invocations
  5528 | D:7      | Noticed Duvessa
  5557 | D:7      | Killed Duvessa
  5557 | D:7      | Reached XP level 9. HP: 71/71 MP: 12/12
  5562 | D:7      | Noticed Dowan
  5586 | D:7      | Killed Dowan
  5656 | D:7      | Banished a seven-headed hydra
  5656 | D:7      | Reached skill level 7 in Fighting
  5751 | D:7      | HP: 30/72 [orc warrior/flail of holy wrath (21)]
  5752 | D:7      | HP: 3/72 [orc warrior/flail of holy wrath (16)]
  5884 | D:7      | HP: 25/72 [ogre/giant spiked club (15)]
  5893 | D:7      | HP: 26/72 [scorpion (5)]
  5901 | D:7      | HP: 19/72 [scorpion (5)]
  5904 | D:7      | Reached skill level 8 in Axes
  6177 | D:7      | Reached skill level 6 in Invocations
  6198 | D:7      | Found an ancient bone altar of Kikubaaqudgha.
  6360 | D:7      | Found an ancient bone altar of Kikubaaqudgha.
  6396 | D:7      | Found a shadowy altar of Dithmenos.
  6501 | D:7      | Found a stormy altar of Qazlal.
  6555 | D:7      | Reached **** piety under Lugonu
  6576 | D:7      | Found a runed door.
  6638 | D:7      | Noticed Crazy Yiuf
  6644 | D:7      | Killed Crazy Yiuf
  6720 | D:7      | Found a shadowy altar of Dithmenos.
  6874 | D:8      | Reached XP level 10. HP: 80/80 MP: 15/15
  6923 | D:8      | HP: 34/80 [orc warrior/hand axe (9)]
  7064 | D:8      | Reached skill level 8 in Fighting
  7064 | D:8      | Reached skill level 7 in Invocations
  7126 | D:8      | Noticed Joseph
  7149 | D:8      | Reached skill level 9 in Axes
  7155 | D:8      | HP: 36/80 [Joseph/uncursed quarterstaff (14)]
  7159 | D:8      | Banished Joseph
  7370 | D:8      | Found a staircase to the Lair.
  7442 | D:8      | Found a roughly hewn altar of Beogh.
  7701 | D:9      | HP: 40/80 [orc warrior/scimitar (5)]
  7707 | D:8      | HP: 31/80 [something/puff of flame (7)]
  7823 | D:8      | HP: 38/80 [ogre/giant club (7)]
  7985 | D:9      | HP: 34/81 [electric eel/bolt of electricity (11)]
  8003 | D:9      | Noticed a two-headed ogre
  8003 | D:9      | Banished a two-headed ogre
  8076 | D:9      | Reached skill level 8 in Invocations
  8127 | D:9      | Noticed a two-headed ogre
  8130 | D:9      | Banished a two-headed ogre
  8381 | D:9      | Reached skill level 10 in Axes
  8407 | D:9      | Reached skill level 9 in Fighting
  8454 | D:9      | Reached XP level 11. HP: 74/89 MP: 17/17
  8530 | D:9      | Reached ***** piety under Lugonu
  8870 | D:10     | Entered Level 10 of the Dungeon
  8914 | D:10     | Noticed a green ugly thing
  8925 | D:10     | Killed a green ugly thing
  8927 | D:10     | Noticed Harold
  8929 | D:10     | Banished Harold
  9078 | D:10     | Noticed Erolcha
  9348 | D:10     | Noticed Grum
  9358 | D:10     | HP: 39/89 [wolf[Grum] (8)]
  9361 | D:10     | HP: 18/89 [Grum/spear (7)]
  9362 | D:10     | Killed Grum
  9368 | D:10     | HP: 14/89 [wolf[Grum] (8)]
 10031 | D:11     | Noticed a catoblepas
 10113 | Lair:1   | Entered Level 1 of the Lair of Beasts
 10171 | Lair:1   | Reached skill level 11 in Axes
 10172 | Lair:1   | HP: 43/90 [hippogriff (6)]
 10177 | Lair:1   | HP: 44/90 [porcupine's spines (1)]
 10186 | Lair:1   | HP: 21/90 [porcupine (5)]
 10356 | Lair:1   | Noticed a seven-headed hydra
 10361 | Lair:1   | Banished a seven-headed hydra
 11064 | Lair:2   | HP: 45/90 [black mamba (11)]
 11070 | Lair:2   | Reached skill level 10 in Fighting
 11072 | Lair:2   | HP: 44/90 [wolf (2)]
 11078 | Lair:1   | HP: 36/90 [wolf (1)]
 11203 | Lair:2   | HP: 45/90 [black mamba (2)]
 11212 | Lair:2   | HP: 21/90 [black mamba (11)]
 11731 | Lair:2   | Noticed a four-headed hydra
 11731 | Lair:2   | Banished a four-headed hydra
 11903 | Lair:2   | Found a staircase to the Shoals.
 12099 | Lair:3   | Reached skill level 12 in Axes
 12165 | Lair:3   | HP: 46/92 [wyvern (6)]
 12176 | Lair:3   | HP: 45/92 [crocodile (3)]
 12332 | Lair:3   | Reached XP level 12. HP: 99/99 MP: 18/18
 12346 | Lair:3   | Noticed a four-headed hydra
 12578 | Lair:3   | HP: 48/99 [killer bee (4)]
 12585 | Lair:3   | HP: 42/99 [wolf (7)]
 12589 | Lair:3   | Corrupted Lair:3
 12589 | Lair:3   | Noticed a tentacled starspawn
 12589 | Lair:3   | Noticed a starcursed mass
 12591 | Lair:3   | Noticed a rakshasa
 12591 | Lair:3   | HP: 27/99 [wolf (6)]
 12614 | Lair:3   | HP: 34/99 [small abomination[Lugonu's corruption] (8)]
 12615 | Lair:3   | HP: 8/99 [large abomination[Lugonu's corruption] (27)]
 12820 | Lair:3   | HP: 49/99 [yak (9)]
 12832 | Lair:3   | HP: 47/99 [yak (9)]
 12844 | Lair:3   | HP: 47/99 [yak (4)]
 12852 | Lair:3   | HP: 36/99 [yak (9)]
 12960 | Lair:3   | Reached skill level 11 in Fighting
 13019 | Lair:3   | Found a staircase to the Snake Pit.
 13268 | Lair:3   | Banished a four-headed hydra
 13324 | Lair:3   | Noticed a four-headed hydra
 13330 | Lair:3   | Banished a four-headed hydra
 13562 | Lair:3   | HP: 46/100 [killer bee (7)]
 13716 | Lair:3   | HP: 50/100 [killer bee (3)]
 13721 | Lair:3   | HP: 26/100 [killer bee (2)]
 13723 | Lair:3   | HP: 9/100 [killer bee (3)]
 13723 | Lair:3   | HP: 4/100 [killer bee (5)]
 13723 | Lair:3   | Slain by a wyvern

Vanquished Creatures
  Pikel (D:4)
  2 black mambas (Lair:3)
  3 spiny frogs
  A rime drake (Lair:3)
  The ghost of anet the Covered, an amateur HuMo (D:3)
  4 hippogriffs
  A spriggan (D:7)
  3 wraiths
  22 yaks
  A wyvern (Lair:3)
  2 steam dragons (Lair:3)
  3 basilisks
  Grum (D:10)
  A hungry ghost (D:9)
  Duvessa (D:7)
  7 water moccasins
  5 porcupines
  A sky beast (D:9)
  4 orc warriors
  4 slaves
  2 phantoms
  2 black bears
  An eye of draining (D:10)
  A necrophage (D:7)
  9 wolves
  5 ogres
  4 centaurs
  3 crocodiles
  2 big kobolds
  11 bullfrogs
  Dowan (D:7)
  4 scorpions
  21 killer bees
  4 electric eels (D:9)
  A wight (D:7)
  3 howler monkeys
  3 crimson imps
  3 bullfrog zombies
  2 jellies
  A centaur skeleton (D:4)
  Crazy Yiuf (D:7)
  4 human zombies (D:7)
  An orc priest (D:8)
  4 hounds
  11 orc wizards
  2 bullfrog skeletons (D:9)
  4 iguanas
  A human skeleton (D:7)
  6 worker ants
  A hound skeleton (D:5)
  A mummy (D:7)
  2 worker ant zombies
  Robin (D:2)
  13 gnolls
  8 adders
  A river rat (Lair:3)
  A shadow imp (D:5)
  An ooze (D:1)
  2 adder zombies
  3 adder skeletons
  2 dart slugs (D:1)
  3 leopard geckos
  56 orcs
  A giant cockroach (D:6)
  8 hobgoblins
  A jackal (D:3)
  3 quokkas
  2 ball pythons
  5 bats
  6 frilled lizards
  19 goblins
  16 kobolds
  An orc skeleton (D:7)
  An orc zombie (D:7)
  9 rats
  2 fungi (Lair:3)
354 creatures vanquished.

Vanquished Creatures (collateral kills)
  An ugly thing (D:10)
  A hound skeleton (D:10)
  A howler monkey skeleton (D:10)
3 creatures vanquished.

Vanquished Creatures (others)
  5 hydras
  A two-headed ogre (D:9)
  5 elephants (Lair:3)
  6 black mambas
  A spiny frog (Lair:3)
  8 blink frogs (Lair:3)
  A hippogriff (Lair:3)
  A wyvern (Lair:3)
  3 water moccasins (Lair:3)
  A porcupine (Lair:1)
  An orc warrior (D:7)
  6 wolves (Lair:3)
  3 killer bees (Lair:3)
  3 adders (Lair:3)
  A goblin (D:2)
  2 fungi
  7 plants
  6 starspawn tentacles (Lair:3)
61 creatures vanquished.

Grand Total: 418 creatures vanquished

Table legend:
 A = Turns spent in this place as a percentage of turns spent in the entire game.
 B = Non-inter-level travel turns spent in this place as a percentage of non-inter-level travel turns spent in the entire game.
 C = Inter-level travel turns spent in this place as a percentage of turns spent in this place.
 D = Turns resting spent in this place as a percentage of non-inter-level travel turns spent in this place.
 E = Turns spent auto-exploring this place as a percentage of non-inter-level travel turns spent in this place.
 F = Non-inter-level travel turns spent in this place divided by the number of levels of this place that you've seen.
                   A       B       C       D       E      F
               +-------+-------+-------+-------+-------+----------------------
         Total | 100.0 | 100.0 |   4.9 |  22.2 |  51.6 | 870.5
       Dungeon |  73.4 |  73.5 |   4.8 |  18.3 |  54.5 | 872.2
          Lair |  26.3 |  26.3 |   5.0 |  33.2 |  43.1 | 1142.7
         Abyss |   0.3 |   0.3 |   0.0 |   0.0 |  91.4 |  35.0
               +-------+-------+-------+-------+-------+----------------------
